 Dungeon Crawl Stone Soup version 0.29.1-1-gd02db6906a (webtiles) character file.

Game seed: 268951704349966405

7811 sentinel the Thaumaturge (level 11, 72/95 HPs)
             Began as a Meteoran Earth Elementalist on Sept 26, 2022.
             Quit the game on level 8 of the Dungeon.
             The game lasted 00:14:10 (1657 turns).

sentinel the Thaumaturge (MeEE)                     Turns: 1657, Time: 00:14:11

Health: 72/95      AC:  6    Str:  9    XL:     11   Next: 71%
Magic:  26/26      EV: 12    Int: 22    God:
Gold:   0          SH:  0    Dex: 15    Spells: 24/30 levels left

rFire   . . .      SeeInvis .   l - +0 rapier (elec)
rCold   . . .      Faith    .   (no shield)
rNeg    . . .      Spirit   .   p - +0 steam dragon scales
rPois   .          Reflect  .   n - +0 helmet
rElec   .          Harm     .   (no cloak)
rCorr   .          Rampage  .   (no gloves)
Will    +....                   (no boots)
Stlth   +.........              (no amulet)
HPRegen 0.25/turn               (no ring)
MPRegen 0.20/turn               (no ring)

@: glowing
A: sense surroundings 2, otherworldly, glowing, explore regen
a: no special abilities


You were on level 8 of the Dungeon.
You visited 2 branches of the dungeon, and saw 10 of its levels.

Inventory:

Hand Weapons
 l - a +0 rapier of electrocution (weapon)
 s - a -2 demon whip of flaming
Missiles
 e - 6 javelins
 o - 2 silver javelins
 u - 4 boomerangs
Armour
 a - a +0 robe
 n - a +0 helmet (worn)
 p - +0 steam dragon scales (worn)
 r - the +4 ring mail of Ashenzari's Pride {rC+}
   (You found it on level 8 of the Dungeon)

   rC:        It protects you from cold.
Jewellery
 k - a ring of fire
Wands
 P - a wand of paralysis (9)
 V - a wand of flame (27)
Scrolls
 c - a scroll of enchant weapon
 f - a scroll of butterflies
 t - a scroll of teleportation
Potions
 b - a potion of magic
 d - 2 potions of ambrosia
 g - a potion of flight
 h - a potion of degeneration {unknown}
 i - 2 potions of attraction {unknown}
 j - 3 potions of might {unknown}
 m - a potion of mutation {unknown}
 q - 5 potions of curing
 w - 2 potions of heal wounds


   Skills:
 + Level 8.6 Fighting
 - Level 8.0 Throwing
 - Level 2.4 Dodging
 - Level 1.4 Stealth
 - Level 10.0 Spellcasting
 - Level 5.0 Conjurations
 - Level 1.2 Transmutations
 - Level 9.5 Earth Magic
 - Level 8.0 Evocations


You had 24 spell levels left.
You knew the following spells:

 Your Spells              Type           Power      Damage    Failure   Level
a - Sandblast             Erth           100%       2d20      1%          1
b - Stone Arrow           Conj/Erth      86%        3d12      1%          3
c - Passwall              Tmut/Erth      28%        N/A       1%          2

Your spell library contained the following spells:

 Spells                   Type           Power      Damage    Failure   Level
 Static Discharge         Conj/Air       22%        3-6/arc   3%          2
 Petrify                  Tmut/Erth      34%        N/A       7%          4
 Animate Armour           Summ/Erth      64%        N/A       9%          4
 Portal Projectile        Hex/Tloc       22%        N/A       19%         3
 Tukima's Dance           Hex            11%        N/A       19%         3
 Iron Shot                Conj/Erth      21%        9d5       43%         6
 Lightning Bolt           Conj/Air       11%        1d24      52%         5
 Blade Hands              Tmut           8%         N/A       71%         5
 Maxwell's Capacitive Co  Air            5%         ∞         100%        8


Dungeon Overview and Level Annotations

Branches:
Dungeon (9/15) Zot: 3761   Temple (1/1) D:7 Zot: 475
   Lair: D:8-11         Orc: D:9-12

Altars:
Ashenzari
Dithmenos
Elyvilon
Fedhas
Gozag
Hepliaklqana
Kikubaaqudgha
Makhleb
Okawaru
Sif Muna
Trog
Uskayaw
Vehumet
Xom
Yredelemnul
Zin
The Shining One

Annotations:
D:4 Dowan, Duvessa


Innate Abilities, Weirdness & Mutations

You passively map the area around you.
You are easily found by Zot.
You glow in the dark.
You regain HP and MP as you explore.


Message History

Aim: an unseen horror zombie (almost destroyed, 92% to hit)
The stone arrow hits the wight!
You destroy the wight!
The unseen horror zombie misses you.
Casting: Stone Arrow (safe; 1% risk of failure)
Confirm with . or Enter, or press ? or * to list all spells.
Aiming: Stone Arrow (safe; 1% risk of failure)
Press: ? - help, Shift-Dir - straight line, f/p - unseen horror zombie
Aim: an unseen horror zombie (almost destroyed, 92% to hit)
Okay, then.
You are too injured to fight recklessly!
Casting: Stone Arrow (safe; 1% risk of failure)
Confirm with . or Enter, or press ? or * to list all spells.
Aiming: Sandblast (safe; 1% risk of failure)
Press: ? - help, Shift-Dir - straight line, f/p - unseen horror zombie
Aim: an unseen horror zombie (almost destroyed, 95% to hit)
The blast of sand hits the unseen horror zombie!
You destroy the unseen horror zombie!
The centaur zombie hits you.
* * * LOW HITPOINT WARNING * * *
The centaur zombie kicks you but does no damage.
The centaur zombie hits you.
* * * LOW HITPOINT WARNING * * *
The centaur zombie kicks you but does no damage.
HP warning!
Aiming: Paralyse
Press: ? - help, Shift-Dir - straight line, f - centaur zombie
Aim: a centaur zombie (chance to affect: 78%)
The centaur zombie barely resists.
The centaur zombie barely misses you. The centaur zombie closely misses you.
HP warning!
Aiming: Paralyse
Press: ? - help, Shift-Dir - straight line, f/p - centaur zombie
Aim: a centaur zombie (chance to affect: 78%)
The centaur zombie suddenly stops moving!
HP warning!
Things that are here:
a +0 scimitar; a +0 robe HP warning!
You see here a yak corpse.
HP warning!
HP warning!
Found a chain mail.
There is an escape hatch in the ceiling here.
A mysterious force pulls you upwards. The hatch slams shut behind you.
A hornet and an orc come into view.
The hornet buzzes angrily.
The orc shouts!
The hornet barely misses you.
The blast of sand hits the hornet.
The hornet is lightly wounded.
The hornet stings you.
You feel yourself slow down. The hornet stings you.
You are poisoned.
You feel as though you will be slow longer.
Aiming: Paralyse
Press: ? - help, Shift-Dir - straight line, f/p - hornet
Aim: a hornet (lightly wounded, chance to affect: 59%)
The hornet suddenly stops moving!
You feel very sick.
The blast of sand hits the hornet!!
The hornet is severely wounded.
You feel very sick.
An orc comes into view.
It is wielding a +1 short sword of distortion.
The blast of sand hits the hornet but does no damage.
The hornet is severely wounded.
You feel yourself speed up.
You feel sick.
The blast of sand hits the hornet!
The hornet is almost dead.
You feel sick.
The blast of sand hits the hornet!
You kill the hornet!
You feel sick.
You are no longer poisoned.
Training target 8.0 for Fighting reached!
Your Fighting skill increases to level 8!
You need to enable at least one skill for training.
The blast of sand hits the orc!!
You kill the orc!
The orc closely misses you.
Aiming: Paralyse
Press: ? - help, Shift-Dir - straight line, f - orc
Aim: an orc, wielding a +1 short sword of distortion (chance to affect: 81%)
The orc suddenly stops moving!
The blast of sand hits the orc!!
You kill the orc!
The six-headed hydra roars!
Items here: )) ††.
Casting: Sandblast (safe; 1% risk of failure)
Confirm with . or Enter, or press ? or * to list all spells.
Aiming: Stone Arrow (safe; 1% risk of failure)
Press: ? - help, Shift-Dir - straight line, f - six-headed hydra
Aim: a six-headed hydra (92% to hit)
The stone arrow hits the six-headed hydra!!
The six-headed hydra is moderately wounded.
Casting: Stone Arrow (safe; 1% risk of failure)
Confirm with . or Enter, or press ? or * to list all spells.
Aiming: Stone Arrow (safe; 1% risk of failure)
Press: ? - help, Shift-Dir - straight line, f/p - six-headed hydra
Aim: a six-headed hydra (moderately wounded, 92% to hit)
The stone arrow hits the six-headed hydra!!
The six-headed hydra is severely wounded.
Casting: Stone Arrow (safe; 1% risk of failure)
Confirm with . or Enter, or press ? or * to list all spells.
Aiming: Stone Arrow (safe; 1% risk of failure)
Press: ? - help, Shift-Dir - straight line, f/p - six-headed hydra
Aim: a six-headed hydra (severely wounded, 92% to hit)
The stone arrow misses the six-headed hydra.
Casting: Stone Arrow (safe; 1% risk of failure)
Confirm with . or Enter, or press ? or * to list all spells.
Aiming: Stone Arrow (safe; 1% risk of failure)
Press: ? - help, Shift-Dir - straight line, f/p - six-headed hydra
Aim: a six-headed hydra (severely wounded, 92% to hit)
The stone arrow hits the six-headed hydra!!
The six-headed hydra is almost dead.
The six-headed hydra bites you.
The six-headed hydra bites you but does no damage.
The six-headed hydra bites you! x3
* * * LOW HITPOINT WARNING * * *
The six-headed hydra bites you but does no damage.
Casting: Stone Arrow (safe; 1% risk of failure)
Confirm with . or Enter, or press ? or * to list all spells.
Aiming: Stone Arrow (safe; 1% risk of failure)
Press: ? - help, Shift-Dir - straight line, f/p - six-headed hydra
Aim: a six-headed hydra (almost dead, 92% to hit)
The stone arrow hits the six-headed hydra!!
You kill the six-headed hydra!
Found a scroll labelled COKODU TACVOTH and 6 poisoned darts.
You see here a hydra corpse.
Found a red potion.
x - a scroll labelled COKODU TACVOTH
Found a falchion.
j - 3 red potions (gained 1)
P - a wand of paralysis (9) (gained 5 charges)
Found 8 stones.
You see here a +0 falchion.
You see here 6 poisoned darts.
As you read the scroll labelled KOIX FOORIDO, it crumbles to dust.
A profound silence engulfs you.
It was a scroll of silence.
Okay, then.
You see here a +0 falchion.
You see here 8 stones.
Found 19 gold pieces.
You see here 19 gold pieces.
Your hearing returns.
As you read the scroll labelled COKODU TACVOTH, it crumbles to dust.
The air around you briefly surges with heat, but it dissipates.
It was a scroll of immolation.
Unknown command.
Okay, then.
Are you sure you want to abandon this character and quit the game? (Confirm with "yes".)

....# #.............#..#..#.#.###
#######.##..........#.##$#...##.
#.........####...##.##...##...
#.......#...##..#.#.#####..# #
####.......###.##.$##.#..#..###*#
......#....# .##..###.##...#####
.....#.#...###.##..# ##.####.....
...#..#..#.....##.######........)
..#.#...#.#....'@.##.............
#..#..#..#..#..#.................
.#...#.#...#.#.#..............[..
#..#..#..#..#..#.###.............
..#.#...#.#...##.# #.............
#..#..#..#..#.##.# #..[..........
.#...#.#...#.###.# #[...........#
#..#.)#..#..#.##.# #[...........#
..#.#...#.#..###.# #).......#####


There were no monsters in sight!

Vanquished Creatures
  A hydra (D:8)
  Amaemon (D:8)
  Pikel (D:8)
  A cyclops (D:8)
  An orange demon (D:8)
  4 unseen horror zombies (D:9)
  A hornet (D:8)
  9 yaks (D:9)
  Eustachio (D:7)
  4 steam dragons
  A vampire mosquito (D:8)
  4 sky beasts
  An orc warrior (D:8)
  An ice beast (D:4)
  A black bear (D:6)
  An ogre (D:5)
  A centaur (D:7)
  2 kobold brigands
  2 gnoll sergeants
  2 bullfrogs (D:8)
  A necrophage (D:6)
  2 scorpions
  5 wights
  A howler monkey (D:7)
  A centaur zombie (D:9)
  A gnoll bouda (D:7)
  3 orc priests
  3 jellies
  8 orc wizards
  A mummy (D:7)
  A howler monkey zombie (D:9)
  9 gnolls (D:7)
  2 adders
  A shadow imp (D:6)
  A white imp (D:7)
  2 worms
  26 orcs
  An endoplasm (D:4)
  A giant cockroach (D:4)
  3 hobgoblins
  A quokka (D:3)
  2 ball pythons
  A goblin (D:2)
  A hobgoblin zombie (D:7)
  7 kobolds
  2 kobold zombies (D:7)
  An orc zombie (D:7)
128 creatures vanquished.

Vanquished Creatures (others)
  2 withered plants (D:9)
2 creatures vanquished.

Grand Total: 130 creatures vanquished

Notes
Turn   | Place    | Note
-------+----------+-------------------------------------------
     0 | D:1      | sentinel the Meteoran Earth Elementalist began the quest
                  | for the Orb.
     0 | D:1      | Reached XP level 1. HP: 14/14 MP: 5/5
    69 | D:2      | Reached XP level 2. HP: 19/20 MP: 2/6
    84 | D:2      | Reached XP level 3. HP: 10/26 MP: 0/8
    92 | D:2      | Learned a level 2 spell: Passwall
    96 | D:2      | Learned a level 3 spell: Stone Arrow
   140 | D:4      | Noticed Duvessa
   143 | D:4      | Noticed Dowan
   237 | D:4      | Reached skill level 3 in Spellcasting
   237 | D:4      | Reached skill level 1 in Conjurations
   237 | D:4      | Reached XP level 4. HP: 33/33 MP: 7/9
   254 | D:5      | Entered Level 5 of the Dungeon
   269 | D:5      | Noticed an ogre
   272 | D:5      | Killed an ogre
   273 | D:5      | Reached skill level 5 in Earth Magic
   273 | D:5      | Reached XP level 5. HP: 38/38 MP: 3/11
   309 | D:4      | Noticed an ice beast
   316 | D:4      | Killed an ice beast
   317 | D:4      | Reached skill level 4 in Spellcasting
   317 | D:4      | Reached XP level 6. HP: 45/45 MP: 0/13
   373 | D:6      | Noticed a steam dragon
   381 | D:6      | Killed a steam dragon
   382 | D:6      | Reached skill level 5 in Conjurations
   382 | D:6      | Reached XP level 7. HP: 50/50 MP: 7/15
   401 | D:6      | Found a radiant altar of Vehumet.
   406 | D:6      | Reached skill level 5 in Spellcasting
   432 | D:7      | Noticed a steam dragon
   437 | D:7      | Killed a steam dragon
   438 | D:7      | Reached XP level 8. HP: 57/57 MP: 4/17
   469 | D:7      | Reached skill level 6 in Spellcasting
   591 | D:6      | Noticed Eustachio
   598 | D:7      | Killed Eustachio
   599 | D:7      | Reached skill level 7 in Spellcasting
   624 | D:6      | Gained mutation: You passively map the area around you.
                  | [Meteoran growth]
   624 | D:6      | Reached XP level 9. HP: 27/62 MP: 8/21
   628 | D:6      | Identified the +1 ring mail "Pobobyj" {Rampage rElec rN++
                  | Int-5}
   696 | D:5      | Found a shimmering altar of Xom.
   697 | D:5      | Found a shimmering altar of Xom.
   697 | D:5      | Found a shimmering altar of Xom.
   699 | D:5      | Found a shimmering altar of Xom.
   699 | D:5      | Found a shimmering altar of Xom.
   736 | D:5      | Found a bloodstained altar of Trog.
   737 | D:5      | Found a glowing silver altar of Zin.
   824 | D:6      | Found a hazy altar of Hepliaklqana.
   830 | D:6      | Reached skill level 8 in Spellcasting
  1012 | D:7      | Found a staircase to the Ecumenical Temple.
  1027 | Temple   | Entered the Ecumenical Temple
  1197 | D:7      | Reached skill level 1 in Fighting
  1197 | D:7      | Reached skill level 1 in Evocations
  1213 | D:8      | Noticed Pikel
  1219 | D:8      | Killed Pikel
  1231 | D:8      | Reached XP level 10. HP: 43/80 MP: 4/23
  1244 | D:8      | Found a glowing golden altar of the Shining One.
  1244 | D:8      | Noticed an orange demon
  1247 | D:8      | Noticed Amaemon
  1248 | D:8      | Reached skill level 5 in Fighting
  1252 | D:8      | Killed an orange demon
  1268 | D:8      | Identified the +4 ring mail of Ashenzari's Pride {rC+}
  1282 | D:8      | Killed Amaemon
  1350 | D:8      | Reached skill level 5 in Throwing
  1379 | D:8      | Noticed a six-headed hydra
  1379 | D:8      | Noticed a two-headed ogre
  1391 | D:8      | Noticed a cyclops
  1396 | D:8      | Killed a cyclops
  1439 | D:9      | Reached XP level 11. HP: 57/89 MP: 19/24
  1487 | D:9      | Reached skill level 9 in Spellcasting
  1518 | D:9      | Reached skill level 10 in Spellcasting
  1613 | D:8      | Killed a six-headed hydra
  1657 | D:8      | Quit the game

Illustrated notes

Levels and vault maps discovered:
D:1:      reono_arrival_forest_river, layout_basic
D:2:      minmay_diamond_boxcup, layout_loops_ring, basic_altar,
          shapermc_ecumenical_altar_totnotflames, minmay_tromino_v2
D:3:      layout_basic, amcnicky_altar_gilded, eino_curves_01
D:4:      layout_basic, nicolae_ru_path_of_blood, serial_shops, shop,
          minmay_close_crescents, uniq_duvessa
D:5:      layout_loops_ring, xom_redecorated, gammafunk_temple_overflow_pools
D:6:      layout_rooms, nicolae_hepliaklqana_hippocampus, vehumet_altar_wand_db,
          nicolae_kite_square_tiling_tiny, uniq_eustachio
D:7:      layout_loops_corners, minmay_temple_entry_arrows, minmay_mini_ossuary
D:8:      minmay_ornate_pinched, layout_basic, mainiacjoe_overflow_tiny_flanked,
          kennysheep_doodads, uniq_pikel, uniq_psyche, uniq_amaemon
D:9:      kennysheep_ambush_hall, layout_rooms, serial_undead, serial_undead_f,
          serial_undead_e, serial_undead_f, serial_undead_b,
          minmay_fractal_squares_gapless_5
Temple:   nicolae_temple_slightly_damp_pantheon

Skill      XL: |  1  2  3  4  5  6  7  8  9 10 11 |
---------------+----------------------------------+-----
Earth Magic    | 4 5 6 7 8 9 |  9.5
Spellcasting   | 3 4 5 7 8 10 | 10.0
Conjurations   | 1 3 4 5 |  5.0
Fighting       | 4 6 8 |  8.6
Evocations     | 3 8 |  8.0
Throwing       | 6 8 |  8.0
Dodging        | |  2.4
Stealth        | |  1.4
Transmutations | |  1.2

Action                   |  1- 3 |  4- 6 |  7- 9 | 10-12 || total
-------------------------+-------+-------+-------+-------++-------
 Cast: Sandblast         |    21 |    16 |    75 |    83 ||   195
       Passwall          |     3 |       |    13 |       ||    16
       Stone Arrow       |       |     9 |    25 |    41 ||    75
Evoke: Wand              |       |       |       |     7 ||     7
  Use: Scroll            |       |     4 |     6 |     3 ||    13
Armor: Robe              |     5 |     5 |    13 |       ||    23
       Steam dragon scal |       |       |       |    51 ||    51
Dodge: Dodged            |    12 |     6 |    37 |    66 ||   121
